 Dungeon Crawl Stone Soup version 0.31-a0-193-gdfe2569204 (webtiles) character file.

Game seed: 6771281169932287739

38 qw the Shooter (level 3, -3/20 HPs)
             Began as a Deep Elf Hunter on June 24, 2023.
             Slain by Terence
             ... wielding a +0 vampiric trident
              (10 damage)
             ... on level 3 of the Dungeon.
             The game lasted 00:00:50 (2067 turns).

qw the Shooter (Deep Elf Hunter)                    Turns: 2067, Time: 00:00:51

Health: -3/20      AC:  5    Str: 16    XL:     3   Next: 25%
Magic:  5/5        EV: 11    Int: 13    God:
Gold:   138        SH:  0    Dex: 18    Spells: 2/2 levels left

rFire   . . .        Y - +0 shortbow
rCold   . . .        (shield currently unavailable)
rNeg    + . .        j - +0 ring mail
rPois   .            (no helmet)
rElec   .            (no cloak)
rCorr   .            (no gloves)
SInv    .            (no boots)
Will    .....        (no amulet)
Stlth   +            g - ring of positive energy
HPRegen 0.23/turn    a - +6 ring of strength
MPRegen 0.09/turn

%: no passive effects
@: no status effects
A: no striking features
a: no special abilities


You were on level 3 of the Dungeon.
You visited 1 branch of the dungeon, and saw 3 of its levels.

You collected 138 gold pieces.


   Skills:
 - Level 1.5 Fighting
 + Level 6.8 Ranged Weapons
 - Level 2.4 Dodging
 - Level 1.2 Stealth


You had 2 spell levels left.
You didn't know any spells.
Your spell library was empty.

Inventory:

Hand Weapons
 Y - a +0 shortbow (weapon)
Armour
 j - a +0 ring mail (worn)
Jewellery
 a - a +6 ring of strength (right hand)
 g - a ring of positive energy (left hand)
Scrolls
 f - a scroll of identify
Potions
 d - a potion of might {unknown}
 h - a potion of heal wounds {unknown}
 i - a potion of enlightenment {unknown}

Dungeon Overview and Level Annotations

Branches:
Dungeon (3/15)

Altars:

Annotations:
D:3 Terence


Message History

You climb upwards.
There is a stone staircase leading down here.
You start resting.
HP restored.
Done exploring.
(D) Dungeon
Where to? (* - list waypoints, Enter - D:3, ? - help)
What level of the Dungeon? (default 1, ? - help)
You climb downwards.
Level annotation: Terence
There is a stone staircase leading up, spattered with blood here.
Terence is nearby!
You shoot an arrow.
The arrow hits Terence but does no damage.
Terence is moderately wounded.
Terence hits you from afar with a +0 vampiric trident!
You shoot an arrow.
The arrow hits Terence but does no damage.
Terence is moderately wounded.
Terence closely misses you.
You shoot an arrow. The arrow hits Terence.
Terence is moderately wounded.
Terence closely misses you.
You shoot an arrow. The arrow hits Terence.
Terence is heavily wounded.
Terence closely misses you. x2
You shoot an arrow. The arrow barely misses Terence.
Terence misses you.
You shoot an arrow.
The arrow hits Terence but does no damage.
Terence is heavily wounded.
Terence hits you from afar with a +0 vampiric trident.
You shoot an arrow. The arrow hits Terence.
Terence is almost dead.
Terence hits you from afar with a +0 vampiric trident.
Terence draws strength from your wounds!
Found a scroll labelled IDYUJUZAIPH.
Terence hits you from afar with a +0 vampiric trident!
Ouch! That really hurt!
You die...

.........
.........
.......# .?....
#...# #...#
###...####.###
#.....@.......
#.#...####.###
# #.#.@.#
..##.##.#...#
....<.......###
#.....<........
###........####
#...........
#..$....####


You could see Terence.

Vanquished Creatures
  A worm (D:2)
  5 ball pythons
  5 endoplasms
  A giant cockroach (D:2)
  4 goblins (D:2)
  4 hobgoblins
  A quokka (D:2)
  3 bats
  4 frilled lizards
  A kobold (D:1)
  3 rats (D:2)
32 creatures vanquished.

Notes
Turn   | Place    | Note
-------+----------+-------------------------------------------
     0 | D:1      | qw the Deep Elf Hunter began the quest for the Orb.
     0 | D:1      | Reached XP level 1. HP: 12/12 MP: 3/3
     0 | D:1      | 0 ||| qw: Version: 0.3-a-9-g12657ce
     0 | D:1      | 0 ||| qw: Game counter: 4676
     0 | D:1      | 0 ||| qw: Always use a shield: true
     0 | D:1      | 0 ||| qw: God list: Okawaru
     0 | D:1      | 0 ||| qw: Allow faded altars: false
     0 | D:1      | 0 ||| qw: Do Orc after D:15 true
     0 | D:1      | 0 ||| qw: Do second Lair branch before Depths: true
     0 | D:1      | 0 ||| qw: Lair rune preference: random
     0 | D:1      | 0 ||| qw: Plans: Normal
     0 | D:1      | 0 ||| PLANNING D:1-11
   182 | D:1      | Reached XP level 2. HP: 16/16 MP: 4/4
   191 | D:1      | Reached skill level 6 in Ranged Weapons
   549 | D:1      | Found a faded altar of an unknown god.
   788 | D:1      | 788 ||| UPGRADING to ring of positive energy.
   789 | D:1      | 789 ||| READING scroll labelled PITYNAIQAL.
   792 | D:1      | 792 ||| READING scroll labelled KAECVU PELO.
   793 | D:1      | 793 ||| READING 2 scrolls labelled ANIAFO TOANAXU.
   794 | D:1      | 794 ||| READING scroll labelled DUURPH GOAQOOVVUYF.
   795 | D:1      | 795 ||| DROPPING scroll of butterflies.
  1077 | D:2      | Reached XP level 3. HP: 20/20 MP: 5/5
  1250 | D:2      | 1250 ||| UPGRADING to +0 scale mail.
  1260 | D:2      | 1260 ||| DROPPING +0 leather armour.
  1261 | D:2      | 1261 ||| UPGRADING to +0 ring mail.
  1271 | D:2      | 1271 ||| DROPPING +0 scale mail.
  1272 | D:2      | 1272 ||| UPGRADING to +6 ring of strength.
  1273 | D:2      | 1273 ||| READING scroll labelled WILEHILUCA.
  1274 | D:2      | 1274 ||| DRINKING 2 glowing silvery potions.
  1275 | D:2      | 1275 ||| DROPPING potion of brilliance.
  1284 | D:3      | Noticed Terence
  1289 | D:3      | 1289 ||| STAIRDANCE
  1306 | D:3      | 1306 ||| STAIRDANCE
  1318 | D:3      | 1318 ||| STAIRDANCE
  1343 | D:3      | 1343 ||| STAIRDANCE
  1390 | D:3      | 1390 ||| STAIRDANCE
  1427 | D:3      | 1427 ||| STAIRDANCE
  1457 | D:3      | 1457 ||| STAIRDANCE
  1508 | D:3      | 1508 ||| STAIRDANCE
  1537 | D:3      | 1537 ||| STAIRDANCE
  1597 | D:3      | 1597 ||| STAIRDANCE
  1639 | D:3      | 1639 ||| STAIRDANCE
  1661 | D:3      | 1661 ||| STAIRDANCE
  1726 | D:3      | 1726 ||| STAIRDANCE
  1768 | D:3      | 1768 ||| STAIRDANCE
  1822 | D:3      | 1822 ||| STAIRDANCE
  1867 | D:3      | 1867 ||| STAIRDANCE
  1901 | D:3      | 1901 ||| STAIRDANCE
  1957 | D:3      | 1957 ||| STAIRDANCE
  1974 | D:3      | 1974 ||| STAIRDANCE
  2010 | D:3      | 2010 ||| STAIRDANCE
  2067 | D:3      | Slain by Terence

Levels and vault maps discovered:
D:1:      minmay_arrival_three_doors, layout_basic,
          ebering_ecumenical_altar_hall, minmay_shallow_snake_nest
D:2:      layout_rooms
D:3:      layout_basic, wander_ebering_terrifying_dragon_lair, uniq_terence,
          uniq_sigmund, uniq_robin

Skill      XL: |  1  2 |
---------------+-------+-----
Ranged Weapons | 6 |  6.8
Fighting       | |  1.5
Dodging        | |  2.4
Stealth        | |  1.2

Action                     || total
---------------------------++-------
   Fire: Shortbow          ||   141
    Use: Scroll            ||     5
         Potion            ||     1
 Armour: Leather armour    ||     2
         Ring mail         ||    13
  Dodge: Dodged            ||    43

Table legend:
 A = Non-vault XP
 B = Vault XP
 C = Vault XP percentage of total XP
 D = Non-vault monster count
 E = Vault monster count
 F = Vault count percentage of total count
                 A         B        C        D         E       F
            +---------+---------+-------+---------+---------+-------
      Total |      53 |       2 |   3.6 |      31 |       1 |   3.1
            +---------+---------+-------+---------+---------+-------
        D:1 |      19 |       2 |   9.5 |      12 |       1 |   7.7
        D:2 |      34 |       0 |   0.0 |      19 |       0 |   0.0
            +---------+---------+-------+---------+---------+-------
